 Dungeon Crawl Stone Soup version 0.27-a0-522-g46bbb28828 (webtiles) character file.

Game seed: 13463162528833898936

118 siradein the Chopper (level 4, -3/52 HPs)
             Began as a Demonspawn Berserker on Mar 4, 2021.
             Was a Believer of Trog.
             Slain by an ogre
             ... wielding a +0 giant spiked club
              (19 damage)
             ... on level 3 of the Dungeon.
             The game lasted 00:07:49 (2362 turns).

siradein the Chopper (Demonspawn Berserker)         Turns: 2362, Time: 00:07:50

Health: -3/52      AC: 22    Str: 18    XL:     4   Next: 72%
Magic:  4/4        EV:  2    Int:  8    God:    Trog [**....]
Gold:   130        SH:  0    Dex: 13    Spells: 3/3 levels left

rFire    . . .     SeeInvis .   a - +0 hand axe
rCold    . . .     Faith    .   (no shield)
rNeg     + + +     Spirit   .   (armour currently unavailable)
rPois    +         Reflect  .   (helmet currently unavailable)
rElec    .         Harm     .   (cloak currently unavailable)
rCorr    .         Rampage  .   (gloves currently unavailable)
Will     ++...     NoTele   +   (boots currently unavailable)
Stlth    +.........             (no amulet)
HPRegen  1.17/turn              (no ring)
MPRegen  0.09/turn              (no ring)

@: tree-form, regenerating
A: no striking features
a: Renounce Religion, Berserk, Trog's Hand


You were on level 3 of the Dungeon.
You worshipped Trog.
Trog was pleased with you.
You were a tree.
You visited 1 branch of the dungeon, and saw 4 of its levels.

You collected 130 gold pieces.

Inventory:

Hand Weapons
 a - a +0 hand axe (weapon)
Missiles
 e - 25 bolts
 g - 6 boomerangs (quivered)
 q - 18 poisoned darts
Armour
 d - a +0 ring mail (melded)
 l - a +0 pair of boots (melded)
Scrolls
 b - a scroll of immolation {unknown}
 h - a scroll of amnesia {unknown}
 j - a scroll of magic mapping {unknown}
 k - a scroll of fear {unknown}
 o - a scroll of enchant armour {unknown}
 u - a scroll of teleportation {unknown}
 v - a scroll of enchant weapon {unknown}
Potions
 c - a potion of degeneration {unknown}
 f - a potion of magic
 i - 2 potions of curing
 m - a potion of lignification
 n - 2 potions of haste {unknown}
 p - 3 potions of invisibility {unknown}
 r - a potion of heal wounds {unknown}
 s - a potion of cancellation {unknown}
 t - a potion of might {unknown}


   Skills:
 - Level 3.0 Fighting
 + Level 5.0 Axes
 - Level 1.7 Armour
 - Level 1.7 Dodging


You had 3 spell levels left.
You didn't know any spells.
Your spell library was empty.

Dungeon Overview and Level Annotations

Branches:
Dungeon (4/15)
 Temple: D:4-7

Altars:
Cheibriados


Innate Abilities, Weirdness & Mutations

((You have large cloven feet.))
((You are partially covered in razor-sharp scales. (AC +1, Slay +1)))


Message History

The gnoll shaman hits you but does no damage.
The gnoll hits you from afar with a +0 spear.
The worker ant moves out of view.
There is a stone staircase leading up, spattered with blood here.
The jackal closely misses you. The jackal misses you.
The jackal barely misses you. The gnoll closely misses you.
The jackal closely misses you. The jackal barely misses you.
The ogre closely misses you.
The gnoll shaman hits you with a +0 whip.
The jackal bites you but does no damage.
The gnoll closely misses you.
You climb upwards.
There is a stone staircase leading down, spattered with blood here.
You hit the gnoll shaman.
The gnoll shaman is lightly wounded.
You hit the jackal but do no damage. You hit the jackal. The jackal bites you.
The jackal barely misses you.
The gnoll shaman hits you with a +0 whip.
You closely miss the gnoll shaman.
The gnoll shaman is lightly wounded.
You hit the jackal.
You kill the jackal!
Trog accepts your kill.
Your ring mail prevents you from hitting the jackal.
The jackal bites you but does no damage.
The gnoll shaman closely misses you. The jackal closely misses you.
The ogre hits you with a +0 giant spiked club!
* * * LOW HITPOINT WARNING * * *
Okay, then.
Really quaff the potion of lignification?
You turn into a tree.
Your +0 pair of boots melds into your body.
Your +0 ring mail melds into your body.
Your roots penetrate the ground.
The jackal bites you but does no damage.
The gnoll shaman hits you but does no damage.
Your skin crawls.
You feel strong-willed.
The jackal bites you but does no damage.
The ogre hits you with a +0 giant spiked club!!
You die...

# #.........###.###
#....##... #
######....#.....#
#....##... #
#.##.......#####....##...
#
#.##.......(.#......##...
#
#......)..##(#.#....##...
#
####.#....##...#######(..
# #.#...####### ####
#.##hO# #..hg♣# #######


You could see an ogre, a gnoll shaman and 2 jackals.

Vanquished Creatures
  Terence (D:3)
  A worker ant (D:3)
  An adder (D:2)
  2 dart slugs
  2 leopard geckos (D:1)
  5 orcs (D:3)
  4 giant cockroaches
  5 goblins
  A hobgoblin (D:2)
  5 jackals (D:3)
  A quokka (D:3)
  7 bats
  A frilled lizard (D:3)
  9 kobolds
  6 rats
51 creatures vanquished.

Notes
Turn   | Place    | Note
-------+----------+-------------------------------------------
     0 | D:1      | siradein the Demonspawn Berserker began the quest for the
                  | Orb.
     0 | D:1      | Reached XP level 1. HP: 18/18 MP: 1/1
    78 | D:1      | Reached skill level 3 in Axes
   190 | D:1      | Gained mutation: You have large cloven feet. [demonic
                  | ancestry]
   190 | D:1      | Reached XP level 2. HP: 19/24 MP: 2/2
   654 | D:2      | Found a snail-covered altar of Cheibriados.
   769 | D:2      | Reached XP level 3. HP: 29/29 MP: 3/3
  1138 | D:3      | Reached skill level 4 in Axes
  1149 | D:3      | Reached ** piety under Trog
  1461 | D:3      | Noticed Terence
  1486 | D:3      | Killed Terence
  1487 | D:3      | Gained mutation: You are partially covered in razor-sharp
                  | scales. (AC +1, Slay +1) [demonic ancestry]
  1487 | D:3      | Reached XP level 4. HP: 9/35 MP: 4/4
  1978 | D:4      | Noticed an ogre
  1989 | D:3      | Reached skill level 5 in Axes
  2362 | D:3      | Slain by an ogre

Illustrated notes

Levels and vault maps discovered:
D:1:      psy_arrival_conway, layout_rooms
D:2:      layout_rooms, kennysheep_slug_shrine
D:3:      layout_basic, dk_vineyard_3, uniq_terence
D:4:      layout_rooms, biasface_ghost_orc_armoury, minmay_goblin_outpost,
          uniq_menkaure, uniq_grinder, uniq_ijyb

Skill      XL: |  1  2  3  4 |
---------------+-------------+-----
Axes           | 3 4 5 |  5.0
Fighting       | |  3.0
Armour         | |  1.7
Dodging        | |  1.7

Action                   |  1- 3 |  4- 6 || total
-------------------------+-------+-------++-------
Melee: Hand axe          |   132 |    24 ||   156
       Kick              |     1 |       ||     1
Invok: Trog's Hand       |       |     1 ||     1
  Use: Scroll            |     3 |       ||     3
       Potion            |       |     1 ||     1
Armor: Animal skin       |     2 |       ||     2
       Ring mail         |    32 |    31 ||    63
       Skin              |       |     3 ||     3
Dodge: Dodged            |    85 |    54 ||   139

Table legend: (Time is in decaauts)
 A = Elapsed time spent in this place.
 B = Non-inter-level travel time spent in this place.
 C = Inter-level travel time spent in this place.
 D = Time resting spent in this place.
 E = Time spent auto-exploring this place.
 F = Levels seen in this place.
 G = Mean time per level.
                   A        B        C        D        E       F      G
               +--------+--------+--------+--------+--------+-----+--------+
         Total |   2386 |   2326 |     60 |    357 |   1542 |   4 |  596.5 |
       Dungeon |   2386 |   2326 |     60 |    357 |   1542 |   4 |  596.5 |
               +--------+--------+--------+--------+--------+-----+--------+

Top non-repeatable levels by time:
     D:3: 1295 daAuts
     D:1: 643 daAuts
     D:2: 438 daAuts
     D:4: 8 daAuts
